 Dungeon Crawl Stone Soup version 0.26-a0-663-g36e8fdb655 (webtiles) character file.

Game seed: 5735149848219932390

104111 avis the Peltast (level 16, 0/140 HPs)
             Began as a Hill Orc Monk on Oct 12, 2020.
             Was a High Priest of Beogh.
             Slain by a merfolk
             ... wielding a cursed -1 trident
              (4 damage)
             ... on level 3 of the Shoals.
             The game lasted 04:07:20 (39362 turns).

avis the Peltast (Hill Orc Monk)                   Turns: 39362, Time: 04:07:20

Health: 0/140      AC: 25    Str: 21    XL:     16   Next: 37%
Magic:  23/23      EV: 11    Int: 10    God:    Beogh [*****.]
Gold:   1765       SH: 21    Dex: 13    Spells: 15/15 levels left

rFire    . . .     SeeInvis +   a - +8 eveningstar (drain)
rCold    + . .     Faith    +   Y - +0 tower shield
rNeg     . . .     Spirit   .   X - +2 chain mail {rC+}
rPois    .         Reflect  .   K - +2 helmet {SInv}
rElec    .         Harm     .   h - scarf {+Inv}
rCorr    .         Rampage  +   x - +1 pair of gloves
MR       ++...                  f - +1 pair of boots of Youthful Indiscretion {Rampage +Blink}
Stlth    ..........             S - amulet of faith
HPRegen  0.33/turn              T - ring of protection from magic
MPRegen  0.18/turn              z - +4 ring of protection

@: studying Dodging
A: walk on water
a: Smiting, Recall Orcish Followers, Give Item to Named Follower, Renounce
Religion, Evoke Blink, Evoke Invisibility


You were on level 3 of the Shoals.
You worshipped Beogh.
Beogh was extremely pleased with you.
You visited 6 branches of the dungeon, and saw 26 of its levels.
You also visited: Ice Cave.

You collected 3239 gold pieces.
You spent 1474 gold pieces at shops.

Inventory:

Hand Weapons
 a - a +8 eveningstar of draining (weapon)
 b - a +9 whip of chaos
Armour
 f - the +1 pair of boots of Youthful Indiscretion (worn) {Rampage +Blink}
   (You found it on level 9 of the Dungeon)

   It lets you blink.
   It bestows one free step when moving towards enemies.
 h - a scarf of invisibility (worn)
 x - a +1 pair of gloves (worn)
 K - a +2 helmet of see invisible (worn)
 X - a +2 chain mail of cold resistance (worn)
 Y - a +0 tower shield (worn)
Jewellery
 k - an uncursed ring of fire
 z - a +4 ring of protection (right hand)
 S - an amulet of faith (around neck)
 T - a ring of protection from magic (left hand)
Wands
 s - a wand of acid (16)
 y - a wand of iceblast (29)
 B - a wand of paralysis (16)
 H - a wand of polymorph (18)
 J - a wand of enslavement (4)
 Q - a wand of digging (18)
 R - a wand of flame (78)
 W - a wand of random effects (22)
Scrolls
 i - 10 scrolls of teleportation
 o - 5 scrolls of fear
 u - 4 scrolls of blinking
 A - a scroll of magic mapping
 G - 3 scrolls of fog
Potions
 c - 6 potions of stabbing
 d - 4 potions of haste
 e - a potion of ambrosia
 j - a potion of magic
 l - 5 potions of flight
 m - a potion of berserk rage
 n - a potion of resistance
 p - 2 potions of invisibility
 t - 3 potions of might
 v - 3 potions of curing
 L - a potion of brilliance
 U - 2 potions of cancellation
Books
 r - a manual of Dodging
Miscellaneous
 q - a tin of tremorstones (3/3)
 C - a phantom mirror
 E - a phial of floods
 N - a box of beasts (3/3)


   Skills:
 - Level 12.3 Fighting
   Level 4.0(13.0) Axes
 - Level 15.8(16.0) Maces & Flails
 - Level 10.0 Armour
 + Level 8.9 Dodging
 - Level 1.5 Stealth
 * Level 17.5 Shields
 - Level 10.0 Invocations
 - Level 5.0 Evocations


You had 15 spell levels left.
You didn't know any spells.
Your spell library contained the following spells:

 Spells                   Type           Power        Failure   Level
 Animate Skeleton         Necr           #.....       100%        1
 Apportation              Tloc           #.....       100%        1
 Corona                   Hex            #......      100%        1
 Magic Dart               Conj           #...         100%        1
 Pain                     Necr           #...         100%        1
 Sting                    Tmut/Pois      #...         100%        1
 Summon Small Mammal      Summ           #...         100%        1
 Ensorcelled Hibernation  Hex/Ice        #.....       100%        2
 Poisonous Vapours        Pois/Air       #.....       100%        2
 Searing Ray              Conj           #.....       100%        2
 Slow                     Hex            #.......     100%        2
 Confusing Touch          Hex            #.......     100%        3
 Dazzling Flash           Conj/Hex       #.....       100%        3
 Ignite Poison            Fire/Tmut/Pois #.......     100%        3
 Inner Flame              Hex/Fire       #.......     100%        3
 Mephitic Cloud           Conj/Pois/Air  #.......     100%        3
 Portal Projectile        Hex/Tloc       #.....       100%        3
 Tukima's Dance           Hex            #.......     100%        3
 Vampiric Draining        Necr           #.........   100%        3
 Animate Dead             Necr           #.........   100%        4
 Cause Fear               Hex            #.........   100%        4
 Fulminant Prism          Conj/Hex       #.........   100%        4
 Ice Form                 Ice/Tmut       #.......     100%        4
 Iskenderun's Mystic Bla  Conj/Tloc      #.......     100%        4
 Leda's Liquefaction      Hex/Erth       #.........   100%        4
 Olgreb's Toxic Radiance  Pois           #.......     100%        4
 Agony                    Necr           #.......     100%        5
 Bolt of Magma            Conj/Fire/Erth #.........   100%        5
 Iskenderun's Battlesphe  Conj           #.......     100%        5
 Metabolic Englaciation   Hex/Ice        #.........   100%        5
 Freezing Cloud           Conj/Ice/Air   #.........   100%        6
 Iron Shot                Conj/Erth      #.........   100%        6
 Ozocubu's Refrigeration  Ice            #.........   100%        6
 Simulacrum               Ice/Necr       #.........   100%        6
 Orb of Destruction       Conj           #.........   100%        7
 Spellforged Servitor     Conj/Summ      #.........   100%        7


Dungeon Overview and Level Annotations

Branches:
Dungeon (12/15)            Temple (1/1) D:6            Lair (6/6) D:10
 Shoals (2/4) Lair:3        Snake (3/4) Lair:2        Slime (0/5) Lair:5
    Orc (1/2) D:12          IceCv (visited)

Altars:
Elyvilon
Gozag
Hepliaklqana
Kikubaaqudgha
Makhleb
Nemelex Xobeh
Qazlal
Ru
Sif Muna
Trog
Uskayaw
Vehumet
Xom
Yredelemnul
Zin
The Shining One
Beogh

Shops:
D:7 :   D:9 *   Orc:1 *

Annotations:
Shoals:3 Ilsuiw


Message History

The merfolk hits you but does no damage.
Ilsuiw sings a haunting sea-chanty.
Ilsuiw mumbles some strange words.
You miss Ilsuiw.
Ilsuiw is almost dead.
* * * LOW HITPOINT WARNING * * *
Your lungs strain for air!
You block the water elemental's attack. x2
You feel better.
* * * LOW HITPOINT WARNING * * *
Your lungs strain for air!
You block Ilsuiw's attack. The merfolk closely misses you.
The water elemental hits you. x2
* * * LOW HITPOINT WARNING * * *
You cannot read scrolls while unable to breathe!
You slip free of the water engulfing you.
You gasp with relief as air once again reaches your lungs.
Ilsuiw barely misses you.
The merfolk hits you from afar with a cursed -1 trident.
You die...

,,,,,≈..#.....≈≈.≈≈≈,,,,≈≈≈,,**,,
*,,,,≈≈.......≈≈≈≈≈≈,,,,≈≈≈,**,,*
*,,,≈≈≈$.≈≈...≈≈≈≈≈≈,,≈≈≈≈≈,,,,,*
*,,≈≈≈≈≈≈≈≈≈≈≈≈..**,,.≈≈≈≈,≈≈,,,,
,,≈≈≈≈≈≈≈≈≈≈≈≈..##**..≈≈≈≈≈≈≈,,,,
,≈≈≈≈≈...≈≈≈≈≈...###...≈≈≈≈≈≈≈≈≈≈
≈≈≈≈≈≈..≈≈≈≈≈.....#.≈≈≈≈,≈≈≈≈≈≈≈≈
,≈≈≈≈≈≈≈≈≈≈≈≈..≈....≈≈..≈≈≈≈≈≈≈≈≈
,,,≈≈≈≈...≈≈≈≈))@E.≈≈..≈≈≈≈≈≈≈≈≈≈
*,,.........≈(≈≈≈mE≈≈≈≈≈≈≈≈≈≈≈≈≈≈
***,######..≈).m.E.≈≈≈≈≈≈≈≈≈≈,≈≈≈
# *** #≈≈≈≈..≈###≈≈≈≈,,≈≈≈≈≈≈≈ ##
##.≈≈≈≈≈[.#*,≈≈≈,≈≈≈≈≈≈≈≈ .###
#..≈≈≈≈≈≈≈..,≈≈≈≈≈≈≈≈≈≈≈≈
...######.≈≈≈≈≈≈≈≈"≈≈≈≈≈≈≈≈≈≈≈≈≈≈
≈≈≈....##.≈≈≈≈≈≈≈≈≈≈≈≈,≈≈≈≈≈≈≈≈≈≈
≈≈≈≈≈≈....≈≈≈≈≈≈≈≈≈≈≈≈≈≈≈≈≈≈≈≈≈≈≈


You could see Ilsuiw (drained), a merfolk and 3 water elementals.

Vanquished Creatures
  The ghost of Segg the Thaumaturge, an adept GnSk of Makhleb (Orc:1)
  A nagaraja (Snake:3)
  A frost giant (IceCv)
  2 merfolk impalers
  Josephine (Shoals:1)
  A boulder beetle (Lair:6)
  6 naga warriors
  3 hydras
  8 anacondas
  Erica (D:8)
  2 two-headed ogres
  A death yak (Lair:6)
  2 sea snakes
  2 naga ritualists
  4 mana vipers
  4 salamanders
  3 fauns
  3 cyclopes
  9 oklob plants
  An ugly thing (D:11)
  5 manticores
  An orc sorcerer (Orc:1)
  2 merfolk sirens
  5 elephants
  A guardian serpent (Snake:3)
  2 water nymphs (Shoals:2)
  6 naga magi
  14 black mambas
  3 cane toads
  An ice statue (IceCv)
  4 rime drakes
  7 komodo dragons
  7 merfolk
  10 polar bears (IceCv)
  A troll (Orc:1)
  2 hornets (Lair:6)
  3 snapping turtles
  5 dream sheep
  4 blink frogs
  Sigmund (D:5)
  A water elemental (Shoals:1)
  2 shadows (D:12)
  5 wyverns
  6 wraiths
  A vampire (D:12)
  31 yaks
  4 basilisks
  11 nagas
  A warg (Orc:1)
  2 vampire mosquitoes (D:12)
  8 water moccasins
  3 ice beasts
  6 black bears
  3 orc warriors
  2 phantoms
  5 ogres
  An eye of draining (D:11)
  4 sky beasts
  15 wolves
  8 centaurs
  3 big kobolds
  11 bullfrogs
  3 scorpions
  A troll zombie (D:12)
  6 killer bees
  4 wights (D:7)
  2 electric eels (Lair:6)
  3 howler monkeys (D:9)
  2 bullfrog zombies
  A quasit (D:8)
  2 centaur zombies
  A gnoll shaman (D:6)
  2 hounds
  4 jellies
  An orc priest (D:10)
  5 orc wizards
  A bullfrog skeleton (D:4)
  2 iguanas
  3 worker ants
  A hound skeleton (D:9)
  A worker ant zombie (D:8)
  15 gnolls
  8 adders
  2 shadow imps
  10 white imps
  3 ufetubi
  An ooze (D:1)
  An adder skeleton (D:7)
  2 worms (D:2)
  3 dart slugs
  11 leopard geckos
  26 orcs
  2 ball pythons
  5 giant cockroaches
  10 goblins
  7 hobgoblins
  7 jackals
  8 quokkas
  11 bats
  6 frilled lizards
  A giant cockroach zombie (D:5)
  4 goblin zombies (D:12)
  4 hobgoblin zombies (D:12)
  15 kobolds
  7 orc zombies (D:12)
  A quokka skeleton (D:6)
  A quokka zombie (D:7)
  8 rats
  2 butterflies (Lair:5)
499 creatures vanquished.

Vanquished Creatures (collateral kills)
  A merfolk impaler (Shoals:1)
  A hydra (Lair:6)
  3 naga warriors
  A merfolk avatar (Lair:6)
  2 anacondas (Snake:1)
  4 death yaks (Lair:6)
  Urug (Lair:6)
  A naga sharpshooter (Snake:1)
  2 shock serpents
  A salamander mystic (Snake:1)
  An unseen horror (D:11)
  A sea snake (Shoals:1)
  A faun (Shoals:1)
  2 mana vipers (Snake:1)
  A harpy (Lair:6)
  2 salamanders (Snake:1)
  A manticore (Shoals:2)
  6 elephants
  A water nymph (Shoals:1)
  A merfolk siren (Shoals:1)
  3 naga magi
  9 black mambas
  7 cane toads
  3 rime drakes (Lair:6)
  3 komodo dragons
  4 merfolk
  3 polar bears
  3 dream sheep (Shoals:2)
  3 blink frogs
  2 snapping turtles
  2 wyverns
  13 yaks
  A vampire (D:10)
  A water elemental (Shoals:1)
  2 wraiths
  A two-headed ogre zombie (D:12)
  4 vampire mosquitoes (D:12)
  13 nagas
  6 water moccasins
  2 orc warriors
  A sky beast (D:10)
  2 ogres
  A wolf (Lair:6)
  2 centaurs
  4 bullfrogs
  A scorpion (D:8)
  A killer bee (D:8)
  A jelly (D:12)
  A quasit (D:9)
  An orc priest (D:12)
  5 orc wizards
  An iguana (D:9)
  A worker ant (D:11)
  4 ogre zombies (D:12)
  A hound skeleton (D:10)
  A worker ant zombie (D:10)
  3 white imps
  An ufetubus (D:8)
  3 orcs
  A quokka (D:7)
  A goblin skeleton (D:12)
  2 goblin zombies (D:12)
  2 orc skeletons (D:12)
  5 orc zombies (D:12)
  A quokka skeleton (D:8)
  2 plants (Lair:5)
168 creatures vanquished.

Vanquished Creatures (others)
  A polar bear (IceCv)
  2 orc warriors (D:8)
  3 yaks (IceCv)
  A wolf (IceCv)
  7 orc priests
  7 orc wizards
  A leopard gecko (D:4)
  21 orcs
  A ball python (D:4)
  55 fungi
  131 plants
230 creatures vanquished.

Grand Total: 897 creatures vanquished

Notes
Turn   | Place    | Note
-------+----------+-------------------------------------------
     0 | D:1      | avis the Hill Orc Monk began the quest for the Orb.
     0 | D:1      | Reached XP level 1. HP: 19/19 MP: 1/1
   276 | D:1      | Reached XP level 2. HP: 28/28 MP: 2/2
   928 | D:1      | Reached skill level 5 in Fighting
   928 | D:1      | Reached XP level 3. HP: 36/36 MP: 3/3
  1218 | D:2      | Found an ancient bone altar of Kikubaaqudgha.
  1840 | D:2      | Reached XP level 4. HP: 42/44 MP: 4/4
  2327 | D:2      | Found a white marble altar of Elyvilon.
  3148 | D:3      | Found a shimmering altar of Xom.
  3292 | D:3      | Reached skill level 1 in Maces & Flails
  3292 | D:3      | Reached XP level 5. HP: 50/51 MP: 5/5
  3883 | D:4      | Became a worshipper of Beogh the Brigand
  3883 | D:4      | Reached * piety under Beogh
  3883 | D:4      | Reached ** piety under Beogh
  3990 | D:4      | Reached skill level 1 in Shields
  4213 | D:4      | Found a hide-covered altar of Uskayaw.
  4223 | D:4      | Found a stormy altar of Qazlal.
  4223 | D:4      | Found a sacrificial altar of Ru.
  4223 | D:4      | Found a sparkling altar of Nemelex Xobeh.
  4414 | D:4      | Reached XP level 6. HP: 58/58 MP: 6/6
  4508 | D:4      | Found a bloodstained altar of Trog.
  4543 | D:5      | Entered Level 5 of the Dungeon
  4669 | D:4      | Reached skill level 2 in Shields
  4896 | D:5      | Noticed a phantom
  4991 | D:4      | Killed a phantom
  4991 | D:4      | Reached XP level 7. HP: 41/66 MP: 7/7
  5409 | D:4      | Reached skill level 3 in Shields
  5409 | D:4      | Reached skill level 1 in Invocations
  5624 | D:5      | Reached skill level 5 in Maces & Flails
  5734 | D:5      | Noticed Sigmund
  5748 | D:5      | Killed Sigmund
  6277 | D:6      | Reached XP level 8. HP: 73/73 MP: 10/10
  6313 | D:6      | Found a staircase to the Ecumenical Temple.
  6321 | Temple   | Entered the Ecumenical Temple
  7042 | D:6      | Noticed a manticore
  7052 | D:6      | Banished a manticore
  7307 | D:6      | Reached XP level 9. HP: 79/79 MP: 11/11
  7510 | D:7      | Reached *** piety under Beogh
  7656 | D:7      | Reached skill level 10 in Maces & Flails
  7764 | D:7      | Found Qeqeny's Book Boutique.
  8232 | D:8      | Noticed Erica
  8251 | D:8      | Killed Erica
  8251 | D:8      | Reached skill level 5 in Shields
  8555 | D:8      | Found a glowing silver altar of Zin.
  8560 | D:8      | Found a radiant altar of Vehumet.
  8563 | D:8      | Found an opulent altar of Gozag.
  8614 | D:8      | Reached XP level 10. HP: 86/86 MP: 13/13
  8636 | D:8      | Noticed a two-headed ogre
  8648 | D:8      | Killed a two-headed ogre
  8648 | D:8      | Reached skill level 7 in Shields
  8648 | D:8      | Reached skill level 5 in Invocations
  9177 | D:9      | Noticed a centaur warrior
  9184 | D:9      | Banished a centaur warrior
  9184 | D:9      | Reached skill level 8 in Shields
  9188 | D:9      | Got a pair of warped boots
  9232 | D:9      | Reached **** piety under Beogh
  9642 | D:9      | Reached skill level 9 in Shields
  9872 | D:9      | Found Otid's General Store.
  9880 | D:9      | Bought a scroll of enchant weapon for 75 gold pieces
  9880 | D:9      | Bought a scroll of enchant weapon for 75 gold pieces
  9895 | D:9      | Found a burning altar of Makhleb.
 10210 | D:9      | Found a glowing golden altar of the Shining One.
 10731 | D:9      | Identified the +1 pair of boots of Youthful Indiscretion
                  | {Rampage +Blink} (You found it on level 9 of the Dungeon)
 10989 | D:10     | Entered Level 10 of the Dungeon
 11142 | D:10     | Reached skill level 1 in Evocations
 11144 | D:10     | Reached XP level 11. HP: 92/92 MP: 14/14
 11154 | D:10     | Reached skill level 10 in Shields
 11178 | D:10     | Banished an unseen horror
 11343 | D:10     | Found a staircase to the Lair.
 11584 | Lair:1   | Entered Level 1 of the Lair of Beasts
 11709 | Lair:1   | Reached skill level 11 in Shields
 12886 | Lair:2   | You fall into a shaft and drop 2 floors!
 13083 | Lair:3   | Noticed a six-headed hydra
 13087 | Lair:3   | Banished a six-headed hydra
 13091 | Lair:3   | Found a staircase to the Shoals.
 13152 | Lair:3   | Reached skill level 12 in Shields
 13154 | Lair:3   | Reached skill level 5 in Evocations
 13156 | Lair:3   | Reached XP level 12. HP: 79/100 MP: 15/15
 13194 | Lair:3   | Found a frozen archway.
 13214 | Lair:3   | Gained Garbold as an ally
 13251 | Lair:3   | Reached skill level 13 in Shields
 13272 | IceCv    | Entered an ice cave
 13454 | IceCv    | Reached ***** piety under Beogh
 14062 | IceCv    | Reached skill level 14 in Shields
 14175 | IceCv    | Noticed a death yak
 14199 | IceCv    | Banished a death yak
 14207 | IceCv    | Gained Margrim as an ally
 14260 | IceCv    | Your ally Margrim died
 14343 | IceCv    | Noticed a frost giant
 14354 | IceCv    | Reached skill level 15 in Shields
 14375 | IceCv    | Killed a frost giant
 14375 | IceCv    | Reached XP level 13. HP: 66/107 MP: 16/16
 14953 | Lair:2   | Found a staircase to the Snake Pit.
 15303 | Lair:2   | Got a smoking rapier
 16443 | D:11     | Reached skill level 10 in Fighting
 16786 | D:11     | Reached skill level 5 in Dodging
 16875 | D:11     | Reached skill level 1 in Armour
 16947 | D:11     | Found the +5 scythe "Finisher" {speed, eviscerate}
 17485 | D:12     | Found a staircase to the Orcish Mines.
 18150 | D:12     | Got an ichor-stained leather armour
 18168 | D:12     | Reached ****** piety under Beogh
 18681 | Orc:1    | Entered Level 1 of the Orcish Mines
 19288 | Lair:4   | Gained Orbeogh as an ally
 19439 | Lair:4   | Reached skill level 5 in Armour
 20655 | Lair:5   | Gained Arkwar as an ally
 20659 | Lair:5   | Your ally Arkwar died
 20678 | Lair:5   | Reached XP level 14. HP: 91/121 MP: 18/20
 21383 | Lair:5   | Found a staircase to the Slime Pits.
 21800 | Lair:6   | Entered Level 6 of the Lair of Beasts
 22371 | Lair:6   | Noticed Urug
 22397 | Lair:6   | Killed Urug
 22417 | Lair:6   | Reached skill level 10 in Armour
 22520 | Lair:6   | Reached skill level 10 in Invocations
 23500 | Lair:5   | HP: 2/124 [acid (14)]
 26104 | Lair:6   | Found a hazy altar of Hepliaklqana.
 26835 | Snake:1  | Entered Level 1 of the Snake Pit
 27331 | Snake:1  | Reached XP level 15. HP: 101/132 MP: 22/22
 27537 | Snake:1  | You fall into a shaft and drop 1 floor!
 27703 | Snake:1  | Reached skill level 15 in Maces & Flails
 29141 | Shoals:1 | Entered Level 1 of the Shoals
 30078 | Orc:1    | Found a runed translucent gate.
 30112 | Orc:1    | Found a runed translucent gate.
 30112 | Orc:1    | Found a runed translucent gate.
 30114 | Orc:1    | Found an opulent altar of Gozag.
 30116 | Orc:1    | Found Doemen's Assorted Antiques.
 30116 | Orc:1    | Noticed Segg's ghost (adept GnSk)
 30165 | Orc:1    | Killed Segg's ghost
 30418 | D:7      | Bought a manual of Dodging for 1324 gold pieces
 31061 | Lair:6   | HP: 2/134 [acid (15)]
 32815 | Shoals:1 | Noticed Josephine
 32825 | Shoals:1 | Killed Josephine
 33371 | Orc:1    | Found a roughly hewn altar of Beogh.
 34276 | Shoals:2 | Reached skill level 16 in Shields
 34521 | Shoals:2 | Gained Geork as an ally
 36128 | Snake:2  | Reached XP level 16. HP: 126/140 MP: 23/23
 36931 | Snake:3  | Noticed a nagaraja
 36938 | Snake:3  | Killed a nagaraja
 36964 | Snake:3  | Reached skill level 17 in Shields
 36966 | Snake:3  | Gained Wargrak as an ally
 38105 | Snake:3  | Got a heavy robe
 39309 | Shoals:2 | You fall into a shaft and drop 1 floor!
 39340 | Shoals:3 | Noticed Ilsuiw
 39360 | Shoals:3 | HP: 6/140 [drowned by a water elemental[Ilsuiw] (8)]
 39362 | Shoals:3 | Slain by a merfolk

Illustrated notes

Levels and vault maps discovered:
D:1:      mrwooster_arrival_statue, layout_loops_ring
D:2:      minmay_alternating_diamond, layout_basic, elyvilon_altar_1,
          overflow_temple_1_default, guppyfry_early_orc_mine
D:3:      layout_basic, xom_butterflies, minmay_quadrilaterals
D:4:      layout_basic, kennysheep_mini, grunt_temple_overflow_open,
          abandoned_shop, minmay_close_crescents
D:5:      layout_cave_pools, uniq_sigmund
D:6:      layout_layer_cave, minmay_temple_entry_glassed_door
D:7:      layout_loops_cross, serial_shops, shop
D:8:      layout_cave_pools, minmay_overflow_temple_star_quad, st_stairs_4,
          uniq_erica
D:9:      minmay_the_grid_four_pointed_star_mashed
          [minmay_the_grid_triangle_9x9_sprig,
          minmay_the_grid_triangle_9x9_wacky_v,
          minmay_the_grid_triangle_9x9_zippers_horizontal,
          minmay_the_grid_triangle_9x9_flanged_cone,
          minmay_the_grid_prize_diamond_cup], layout_basic,
          nicolae_overflow_hidden_temple, makhleb_heckhound_becter,
          serial_shops, shop, statue_in_the_mist_lemuel
D:10:     layout_cave_pools, due_lair_maze_entry_diamond
D:11:     layout_irregular_city, minmay_guarded_unrand_finisher
D:12:     layout_stronghold, zombieorc2_lemuel, minmay_misc_feat_cross
Temple:   compressed_dpeg_triangle_lava_temple
Lair:1:   layout_loops_ring
Lair:2:   layout_roguey, minmay_snake_entry_guardpost_large
Lair:3:   layout_small_grid, minmay_shoals_entry_centaurs,
          portal_ice_cave_entry_imps, grunt_megastairs_3
Lair:4:   layout_layer_cave
Lair:5:   layout_cellular_growth, minmay_slime_entry_oklob_enclosed,
          lemuel_fruit_fields, grunt_megastairs_4
Lair:6:   gammafunk_lair_ancient_temple, layout_regular_city, basic_altar,
          wad_woods_river_04, serial_bayou_shore_a, minmay_lair_oklob_chamber,
          uniq_urug
Shoals:1: layout_shoals, uniq_josephine
Shoals:2: layout_shoals, serial_shops, shop
Shoals:3: layout_shoals, uniq_ilsuiw
Snake:1:  layout_honeycomb
Snake:2:  layout_grid_shapes
Snake:3:  layout_gridlike
Orc:1:    layout_caves, serial_shops, shop, basic_altar, ebering_ghost_gozag

Skill      XL: |  1  2  3  4  5  6  7  8  9 10 11 12 13 14 15 16 |
---------------+-------------------------------------------------+-----
Fighting       | 4 5 6 7 8 10 12 | 12.3
Maces & Flails | 1 2 4 5 9 11 12 13 14 15 | 15.8
Shields        | 1 2 3 5 9 12 15 16 17 | 17.5
Invocations    | 3 4 5 8 10 | 10.0
Evocations     | 1 5 |  5.0
Dodging        | 3 5 7 8 |  8.9
Armour         | 7 10 | 10.0
Axes           | |  4.0
Stealth        | |  1.5

Action                   |  1- 3 |  4- 6 |  7- 9 | 10-12 | 13-15 | 16-18 || total
-------------------------+-------+-------+-------+-------+-------+-------++-------
Melee: Hand axe          |   145 |    68 |       |       |       |       ||   213
       Flail             |       |   163 |   107 |       |       |       ||   270
       Whip              |       |       |   181 |   514 |   740 |       ||  1435
       Eveningstar       |       |       |       |       |   317 |   149 ||   466
 Fire: Hunting sling     |       |       |     3 |       |   134 |       ||   137
       Longbow           |       |       |       |       |    39 |       ||    39
Throw: Dart              |       |     2 |     3 |     8 |       |       ||    13
       Throwing net      |       |       |     1 |       |       |       ||     1
Invok: Convert to Beogh  |       |     1 |       |       |       |       ||     1
       Smiting           |       |       |     3 |     1 |     8 |       ||    12
       Recall Orcish Fol |       |       |       |     4 |    22 |     1 ||    27
       Give Item to Name |       |       |       |       |     2 |     1 ||     3
       Resurrection      |       |       |       |       |     2 |       ||     2
       Stop Recall       |       |       |       |       |     3 |       ||     3
  Use: Scroll            |       |     9 |    13 |    12 |    12 |     4 ||    50
       Potion            |       |       |       |       |     5 |     5 ||    10
 Stab: Sleeping          |       |     5 |       |       |       |       ||     5
       Distracted        |       |     1 |       |     1 |     7 |     2 ||    11
       Held in net/web   |       |       |     2 |       |       |       ||     2
       Paralysed         |       |       |       |       |     2 |       ||     2
Armor: Leather armour    |    33 |    31 |       |       |       |       ||    64
       Ring mail         |       |    61 |    96 |       |       |       ||   157
       Chain mail        |       |       |    20 |    21 |    19 |    61 ||   121
       Scale mail        |       |       |     5 |       |       |       ||     5
       Plate armour      |       |       |       |   106 |   348 |       ||   454
Dodge: Dodged            |    81 |   115 |    90 |    53 |   176 |    51 ||   566
Block: Kite shield       |       |    51 |   106 |   152 |   330 |       ||   639
       Tower shield      |       |       |       |       |   298 |   172 ||   470

Table legend: (Time is in decaauts)
 A = Elapsed time spent in this place.
 B = Non-inter-level travel time spent in this place.
 C = Inter-level travel time spent in this place.
 D = Time resting spent in this place.
 E = Time spent auto-exploring this place.
 F = Levels seen in this place.
 G = Mean time per level.
                   A        B        C        D        E       F      G
               +--------+--------+--------+--------+--------+-----+--------+
         Total |  38947 |  33180 |   5767 |  11829 |  11402 |  27 | 1442.5 |
       Dungeon |  14690 |  12426 |   2264 |   2776 |   6139 |  12 | 1224.2 |
        Temple |    105 |    103 |      2 |      0 |      0 |   1 |  105.0 |
          Lair |  14507 |  11779 |   2728 |   5287 |   3646 |   6 | 2417.8 |
        Shoals |   2860 |   2692 |    168 |   1166 |    454 |   3 |  953.3 |
     Snake Pit |   5039 |   4439 |    600 |   1903 |   1120 |   3 | 1679.7 |
  Orcish Mines |    520 |    517 |      3 |      0 |     28 |   1 |  520.0 |
      Ice Cave |   1223 |   1223 |      0 |    696 |     15 |   1 | 1223.0 |
               +--------+--------+--------+--------+--------+-----+--------+

Top non-repeatable levels by time:
  Lair:5: 4229 daAuts
  Lair:6: 3350 daAuts
 Snake:1: 2594 daAuts
Shoals:1: 2555 daAuts
  Lair:2: 2053 daAuts
     D:9: 1898 daAuts
  Lair:1: 1855 daAuts
 Snake:3: 1792 daAuts
  Lair:4: 1740 daAuts
     D:4: 1525 daAuts
     D:2: 1524 daAuts
     D:6: 1515 daAuts
    D:12: 1431 daAuts
  Lair:3: 1278 daAuts
     D:3: 1275 daAuts
